 Dungeon Crawl Stone Soup version 0.15-b1-55-g17c0860 (console) character file.

226 Bikaver the Cutter (level 6, -2/37 HPs)
             Began as a Kobold Berserker on Aug 11, 2014.
             Was a Priest of Trog.
             Killed by nerve-wracking pain
             ... invoked by an orc priest
              (7 damage)
             ... on Level 3 of the Dungeon.
             The game lasted 00:09:02 (2379 turns).

Bikaver the Cutter (Kobold Berserker)               Turns: 2379, Time: 00:09:02

HP  -2/37        AC  4     Str 15      XL: 6   Next: 21%
MP   6/6         EV 18     Int  5      God: Trog [***...]
Gold 93          SH  0     Dex 18      Spells:  0 memorised,  5 levels left

rFire  . . .     SeeInvis .     a - +0 short sword
rCold  . . .     Clarity  .     j - +0 animal skin
rNeg   . . .     rCorr    .     (no shield)
rPois  .         rRot     .     (no helmet)
rElec  .         Spirit   .     m - +0 cloak
SustAb .         Warding  .     (no gloves)
rMut   +         Stasis   .     n - +0 pair of boots
Gourm  .                        i - amulet of resist mutation
MR     .....                    (no ring)
                                (no ring)

@: exhausted, slowed, very slow, not resistant to hostile enchantments,
unstealthy
A: carnivore 3
a: Burn Spellbooks, Berserk, Trog's Hand, Renounce Religion


You were on level 3 of the Dungeon.
You worshipped Trog.
Trog was most pleased with you.
You were not hungry.

You visited 1 branch of the dungeon, and saw 3 of its levels.

You collected 93 gold pieces.

Inventory:

Hand weapons
 a - a +0 short sword (weapon)
 b - a +0 hunting sling
 d - a +0 dagger
Missiles
 e - 16 stones (quivered)
 l - 10 sling bullets
Armour
 j - a +0 animal skin (worn)
 m - a +0 cloak (worn)
 n - a +0 pair of boots (worn)
Comestibles
 c - 2 meat rations
 h - a beef jerky
Jewellery
 i - an amulet of resist mutation (around neck)
Potions
 f - 2 potions of haste
 g - 3 potions of restore abilities {unknown}
 k - a potion of resistance {unknown}
 o - a potion of agility {unknown}
 p - a potion of curing {unknown}
 q - a potion of might {unknown}


   Skills:
 - Level 3.2 Fighting
 + Level 6.1 Short Blades
 + Level 2.3 Slings
 - Level 1.5 Armour
 + Level 5.2 Dodging


You had 5 spell levels left.
You didn't know any spells.

Dungeon Overview and Level Annotations

Branches:
Dungeon (3/15)

Altars:
Trog
The Shining One


Innate Abilities, Weirdness & Mutations

You are small and have problems with some larger weapons.
You are carnivorous and can eat meat at any time.


Message History

You are no longer berserk.
You are exhausted.
You feel yourself slow down. The orc closely misses you.
The orc closely misses you.
You hit the orc priest.
The orc priest is lightly wounded.
The orc priest barely misses you. The orc completely misses you.
The orc hits you with a whip.
* * * LOW HITPOINT WARNING * * *
You hit the orc priest but do no damage.
The orc priest is lightly wounded.
The orc priest completely misses you. The orc hits you.
* * * LOW HITPOINT WARNING * * *
The orc hits you but does no damage.
You hit the orc priest.
The orc priest is heavily wounded.
The orc misses you.
The orc priest calls down the wrath of Beogh upon you.
Pain shoots through your body!
You die...

#..............#
#.....
#..............#
#.....
#..............#
#.....
#.....(........#
##+###
#..............#
#..........(...#
#..............#
#......o.......#
#....o@.(......#
#.....o........#
#......).......#
#..............#
################


You could see an orc priest and 2 orcs.

Vanquished Creatures
  An orc warrior (D:3)
  6 adders (D:2)
  3 worms (D:2)
  A giant gecko (D:1)
  2 oozes
  6 bats
  2 giant cockroaches
  3 goblins
  4 hobgoblins
  5 jackals (D:1)
  2 ball pythons
  5 giant newts
  9 kobolds
  7 rats
56 creatures vanquished.

Notes
Turn   | Place    | Note
--------------------------------------------------------------
     0 | D:1      | Bikaver, the Kobold Berserker, began the quest for the Orb.
     0 | D:1      | Reached XP level 1. HP: 14/14 MP: 1/1
   198 | D:1      | Reached XP level 2. HP: 17/19 MP: 2/2
   438 | D:1      | Acquired Trog's second power
   609 | D:1      | Reached XP level 3. HP: 23/23 MP: 3/3
   910 | D:1      | Reached skill level 5 in Short Blades
  1412 | D:2      | Reached XP level 4. HP: 24/28 MP: 4/4
  1787 | D:2      | Found a glowing golden altar of the Shining One.
  1836 | D:2      | Reached XP level 5. HP: 32/32 MP: 5/5
  2079 | D:2      | Found a bloodstained altar of Trog.
  2333 | D:3      | Noticed an orc warrior
  2370 | D:3      | Killed an orc warrior
  2370 | D:3      | Reached skill level 6 in Short Blades
  2370 | D:3      | Reached skill level 5 in Dodging
  2370 | D:3      | Reached XP level 6. HP: 25/37 MP: 6/6
  2379 | D:3      | Killed from afar by an orc priest

Action                   |  1- 3 |  4- 6 || total
-------------------------+-------+-------++-------
Melee: Short sword       |   126 |   126 ||   252
 Fire: Hunting sling     |     7 |    27 ||    34
Invok: Berserk           |     2 |     3 ||     5
  Use: Scroll            |     2 |     2 ||     4
  Eat: Chunk             |     4 |     6 ||    10
